 Dungeon Crawl Stone Soup version 0.17-a0-1210-g1e4f09d (webtiles) character file.

105 Zwobot the Caller (level 4, 0/32 HPs)
             Began as a Mummy Wanderer on June 3, 2015.
             Slain by a scorpion (7 damage)
             ... on level 4 of the Dungeon.
             The game lasted 00:14:38 (4330 turns).

Zwobot the Caller (Mummy Wanderer)                  Turns: 4330, Time: 00:14:38

Health: 0/32       AC:  4    Str: 16    XL:     4   Next: 54%
Magic:  3/5        EV: 11    Int: 12    God:
Gold:   131        SH:  0    Dex: 10    Spells: 2 memorised, 1 level left

rFire  x . .     SeeInvis .     l - +0 spear
rCold  + + .     Clarity  .     d - +0 robe
rNeg   + + +     SustAt   .     (no shield)
rPois  ∞         Gourm    .     (no helmet)
rElec  .         Spirit   .     f - +1 cloak
rCorr  .         Warding  .     (no gloves)
rMut   .         Stasis   .     (no boots)
MR     .....                    (no amulet)
Stlth  +.........               (no ring)
                                p - ring of protection from cold

@: not resistant to hostile enchantments, very unstealthy
A: no food or potions, fire vulnerability, cold resistance 1, negative energy
resistance 3, torment resistance, unbreathing
a: no special abilities


You were on level 4 of the Dungeon.
You were not hungry.

You visited 1 branch of the dungeon, and saw 4 of its levels.

You collected 131 gold pieces.

Inventory:

Hand weapons
 e - a +0 club
 g - a +0 hunting sling
 j - a +0 dagger
 k - a +0 whip
 l - a +0 spear (weapon)
 u - a +0 falchion
 v - a cursed +0 rapier
 w - a +0 morningstar
 x - a +0 blowgun
 y - a +0 long sword
Missiles
 h - 95 stones (quivered)
 m - 36 sling bullets
 o - 23 poisoned needles
 t - 2 javelins
Armour
 d - a +0 robe (worn)
 f - a +1 cloak (worn)
Jewellery
 p - a ring of protection from cold (left hand)
 z - an uncursed ring of ice
Scrolls
 i - 2 scrolls of recharging
 n - a scroll of noise
 q - a scroll of random uselessness
 r - a scroll of remove curse
 s - a scroll of enchant weapon {unknown}
Books
 a - a book of Callings

   Spells                             Type                      Level
   a - Summon Small Mammal            Summoning                    1
   b - Call Imp                       Summoning                    2
   c - Call Canine Familiar           Summoning                    3
   d - Summon Guardian Golem          Hexes/Summoning              3
   e - Summon Lightning Spire         Summoning/Air                4
   f - Summon Ice Beast               Ice/Summoning                4
 b - Ozocubu's Reference Book on Snow

   Spells                             Type                      Level
   a - Freeze                         Ice                          1
   b - Ozocubu's Armour               Charms/Ice                   3
 c - the Grimoire of Feathery Attacks

   Spells                             Type                      Level
   a - Shock                          Conjuration/Air              1
   b - Mephitic Cloud                 Conjuration/Poison/Air       3


   Skills:
 - Level 1.0 Fighting
   Level 1.5 Crossbows
 - Level 1.0 Throwing
   Level 1.0 Shields
 - Level 1.0 Spellcasting
 + Level 3.8 Summonings
   Level 2.4 Air Magic


You had one spell level left.
You knew the following spells:

 Your Spells              Type           Power        Failure   Level  Hunger
a - Summon Small Mammal   Summ           #...         8%          1    N/A
b - Call Canine Familiar  Summ           #.......     21%         3    N/A

Dungeon Overview and Level Annotations

Branches:
Dungeon (4/15)
 Temple: D:4-7

Altars:
Okawaru

Annotations:
D:4 Eustachio


Innate Abilities, Weirdness & Mutations

You do not eat or drink.
Your flesh is vulnerable to fire.
You are immune to poison.
Your flesh is cold resistant.
You are immune to negative energy.
You are immune to unholy pain and torment.
You can survive without breathing.


Message History

You hit the scorpion.
The scorpion is lightly wounded.
Your bat hits the scorpion but does no damage.
The scorpion stings you.
* * * LOW HITPOINT WARNING * * *
Your rat bites the scorpion.
Unknown command.
You swap places.
The scorpion closely misses you.
Your bat barely misses the scorpion.
Your rat bites the scorpion.
Your rat bites the scorpion but does no damage.
Your bat barely misses the scorpion.
Your bat hits the scorpion but does no damage.
Your bat hits the scorpion but does no damage.
Your bat hits the scorpion but does no damage.
Your bat hits the scorpion but does no damage. x2
Your bat barely misses the scorpion. x2
Your bat misses the scorpion.
Your bat closely misses the scorpion.
Your bat hits the scorpion but does no damage.
Your bat barely misses the scorpion.
The scorpion stings you!
You die...

#.#
.........
#.#
....###..
####<###
.........
#...r..#
.######.
#.##.#.#
#.
#r##.#.##
#)
#.##....
#.
#.####.##
#.
#.####@#
#.
#.rb.s.#
#.
########
... ###.
#. #. ...
.## #


You could see a scorpion, a friendly bat and a friendly rat.

Vanquished Creatures
  A worker ant (D:3)
  An ooze (D:1)
  3 worms
  3 giant geckos
  2 orcs
  5 bats
  5 giant cockroaches
  7 goblins
  5 hobgoblins
  2 jackals (D:3)
  A ball python (D:3)
  3 giant newts
  12 kobolds
  3 rats
53 creatures vanquished.

Vanquished Creatures (collateral kills)
  A worm (D:1)
  A giant gecko (D:1)
  A giant cockroach (D:1)
  2 hobgoblins (D:3)
  A giant newt (D:3)
  2 kobolds
  A rat (D:4)
9 creatures vanquished.

Vanquished Creatures (others)
  4 bats
  5 rats
9 creatures vanquished.

Grand Total: 71 creatures vanquished

Notes
Turn   | Place    | Note
--------------------------------------------------------------
     0 | D:1      | Zwobot the Mummy Wanderer began the quest for the Orb.
     0 | D:1      | Zwobot set off with: a book of Callings, Ozocubu's Reference Book on Snow, the Grimoire of Feathery Attacks, a +0 robe, a +0 club
     0 | D:1      | Reached XP level 1. HP: 15/15 MP: 1/1
     0 | D:1      | Identified Ozocubu's Reference Book on Snow
     0 | D:1      | Identified the Grimoire of Feathery Attacks
   781 | D:1      | Reached skill level 1 in Spellcasting
   784 | D:1      | Learned a level 1 spell: Summon Small Mammal
   882 | D:1      | Found an iron altar of Okawaru.
   987 | D:1      | Reached XP level 2. HP: 19/21 MP: 3/3
  1987 | D:1      | Reached XP level 3. HP: 24/26 MP: 4/4
  1992 | D:1      | Learned a level 3 spell: Call Canine Familiar
  2914 | D:2      | Reached skill level 3 in Summonings
  3462 | D:3      | Reached XP level 4. HP: 28/32 MP: 2/5
  3605 | D:3      | Noticed a worker ant
  3618 | D:3      | Killed a worker ant
  4209 | D:4      | Noticed Eustachio
  4330 | D:4      | Slain by a scorpion

Vault maps used:
D:1:      dpeg_arrival_brainrot, kennysheep_flooded_box
D:2:      item_on_display_a
D:3:      first_bread
D:4:      lightli_ossuary_entry_decrepit_ruins, hangedman_decor_points,
          uniq_menkaure, uniq_eustachio

Action                   |  1- 3 |  4- 6 || total
-------------------------+-------+-------++-------
Melee: Club              |    23 |       ||    23
       Spear             |   166 |    69 ||   235
       Dagger            |     9 |       ||     9
 Fire: Hunting sling     |    17 |       ||    17
 Cast: Summon Small Mamm |    45 |    16 ||    61
  Use: Scroll            |     5 |     1 ||     6
 Stab: Distracted        |     2 |       ||     2
       Sleeping          |     1 |       ||     1
